Map: Blueshift LE

Players

Kelazhur

  • Race: Terran Terran
  • League: Master
  • Spawn Location: 7:00

Cure - Winner!

  • Race: Terran Terran
  • Spawn Location: 1:00

Event: HomeStory Cup XVIII

VOD

Have the link to the VOD?

Description

Time

  • Played on: Nov. 24, 2018, 6:21 a.m.
  • Length: 8:23

All games in this series

Show
View Real Time Build Order
Export as new Build Order

Kelazhur Terran 

Build Orders: 1/1/1, Banshee Rush 

Get SALT Encoding   

  12  0:00  SCV  
  13  0:12  SCV  
  14  0:17  Supply Depot  
  14  0:24  SCV  
  15  0:28  Refinery  
  15  0:39  SCV  
  16  0:44  Barracks  
  16  0:51  SCV  
  16  0:54  Refinery  
  17  1:03  SCV  
  18  1:15  SCV  
  19  1:31  Orbital Command, Factory  
  19  1:33  Reaper  
  20  1:41  Supply Depot  
  20  1:56  SCV  
  21  2:05  Reaper  
  22  2:08  SCV  
  22  2:15  Hellion  
  25  2:17  Starport  
  25  2:20  SCV  
  26  2:24  Supply Depot  
  26  2:32  SCV  
  26  2:38  Barracks Tech Lab  
  26  2:39  Hellion  
  28  2:45  SCV  
  29  2:57  SCV  
  30  3:03  Banshee, Cloaking Field  
  33  3:13  Factory Tech Lab  
  33  3:14  Barracks Reactor  
  33  3:18  Command Center  
  33  3:22  SCV  
  31  3:38  SCV  
  34  3:45  Cyclone  
  34  3:46  Banshee  
  37  3:50  Marine x2  
  37  3:51  Supply Depot  
  39  4:12  Marine x2  
  39  4:13  SCV  
  39  4:14  Supply Depot  
  42  4:18  Siege Tank  
  45  4:25  SCV  
  45  4:30  Marine x2  
  45  4:33  Orbital Command  
  45  4:38  SCV  
  46  4:41  Refinery  
  46  4:47  Raven  
  46  4:48  Marine x2  
  46  4:50  SCV  
  51  5:03  SCV  
  51  5:05  SCV  
  53  5:12  Command Center  
  53  5:15  Siege Tank  
  53  5:17  SCV  
  53  5:18  SCV  
  58  5:26  Marine x2  
  60  5:29  SCV  
  60  5:30  SCV  
  62  5:36  Supply Depot  
  62  5:41  SCV  
  64  5:42  SCV, Starport Reactor  
  67  5:50  Siege Tank  
  67  5:53  SCV  
  67  5:55  SCV  
  69  5:57  Barracks, Marine  
  69  6:00  Stimpack  
  69  6:02  Barracks  
  70  6:05  SCV  
  70  6:10  Refinery  
  70  6:15  SCV  
  71  6:19  SCV  
  71  6:23  Siege Tank  
  71  6:24  Viking x2  
  79  6:28  SCV  
  79  6:31  Marine  
  81  6:35  Bunker  
  81  6:39  SCV  
  79  6:42  Supply Depot  
  79  6:50  Marine  
  79  6:51  Marine x2  
  79  6:54  Viking x2  
  82  7:10  Marine x2  
  82  7:12  Orbital Command, SCV  
  82  7:13  Marine x2  
  82  7:15  Barracks  
  87  7:16  Barracks  
  87  7:21  Supply Depot  
  84  7:24  Viking, Medivac  
  84  7:28  Marine  
  89  7:33  Marine  
  86  7:37  Marine x2, Siege Tank  
  86  7:41  SCV x2  
  93  7:46  Marine  
  94  7:51  Marine  
  94  7:55  Marine  
  97  8:02  Marine  
  97  8:04  SCV x2  
Show
View Real Time Build Order
Export as new Build Order

Cure Terran - Winner!

Build Orders: Cyclone Opening 

Get SALT Encoding   

  12  0:00  SCV  
  13  0:12  SCV  
  14  0:17  Supply Depot  
  14  0:24  SCV  
  14  0:27  Refinery  
  15  0:38  SCV  
  16  0:44  Barracks  
  16  0:51  SCV  
  16  0:54  Refinery  
  17  1:03  SCV  
  18  1:15  SCV  
  19  1:30  Orbital Command  
  19  1:31  Reaper  
  20  1:33  Factory  
  20  1:42  Supply Depot  
  20  1:56  SCV  
  21  2:03  Reaper  
  21  2:08  SCV  
  23  2:17  Hellion  
  23  2:20  SCV  
  26  2:28  Command Center  
  26  2:33  SCV  
  27  2:39  Supply Depot  
  27  2:40  Factory Tech Lab  
  27  2:42  Marine  
  27  2:45  SCV  
  28  2:51  Starport  
  28  2:59  Cyclone  
  28  3:02  SCV  
  32  3:06  Marine  
  33  3:14  SCV, Supply Depot  
  34  3:28  Marine  
  34  3:29  SCV  
  31  3:37  Cyclone  
  31  3:38  Starport Tech Lab  
  31  3:41  SCV  
  35  3:45  Marine  
  36  3:50  Supply Depot  
  36  3:53  SCV  
  37  3:57  Raven  
  39  4:02  Refinery  
  39  4:04  Barracks Reactor  
  39  4:05  SCV  
  40  4:10  Siege Tank  
  43  4:17  SCV  
  43  4:20  Orbital Command  
  44  4:29  SCV  
  42  4:41  SCV  
  42  4:44  Siege Tank  
  46  4:47  SCV  
  46  4:50  Viking  
  49  4:53  Marine, SCV  
  49  4:57  Viking  
  53  5:01  SCV  
  53  5:03  Liberator  
  53  5:05  SCV  
  55  5:11  Marine  
  55  5:13  SCV  
  57  5:17  Supply Depot  
  60  5:22  SCV  
  60  5:25  SCV  
  60  5:27  Engineering Bay  
  62  5:29  Siege Tank  
  62  5:30  Marine  
  66  5:37  Viking  
  66  5:38  SCV  
  66  5:39  SCV  
  66  5:42  Supply Depot  
  70  5:48  Marine  
  71  5:50  SCV  
  71  5:51  SCV  
  71  5:53  Missile Turret  
  71  5:54  Missile Turret  
  73  6:03  Siege Tank  
  76  6:05  Viking  
  76  6:06  Marine  
  79  6:11  Viking  
  79  6:15  Supply Depot  
  79  6:16  SCV  
  79  6:17  SCV  
  83  6:23  Marine  
  84  6:29  SCV x2  
  85  6:41  Viking, Siege Tank  
  85  6:46  SCV x2  
  91  6:49  Refinery, Supply Depot  
  91  6:55  Marine  
  91  6:58  SCV x2  
  94  7:10  Viking  
  94  7:11  Viking, Supply Depot  
  94  7:12  Supply Depot  
  94  7:14  Marine  
  99  7:19  SCV x2  
  101  7:33  Siege Tank  
  101  7:36  Marine  
  103  7:41  SCV x2  
  103  7:43  Supply Depot x2  
  105  7:53  Command Center  
  105  7:54  Marine  
  110  8:09  Engineering Bay  
  108  8:13  Barracks  
  108  8:15  Barracks  
Tags
 
Add a new tag
Caveats
  • Supply blocks, unpowered buildings, or Contaminate may cause inaccurate times.
  • Supply counts are checked every 10 seconds.